 Dungeon Crawl Stone Soup version 0.30-a0-358-g0d69a1922f (webtiles) character file.

Game seed: 3840814418355144971

321 koil the Chucker (level 6, -7/50 HPs)
             Began as a Minotaur Wanderer on Nov 9, 2022.
             Was an Initiate of Okawaru.
             Mangled by an orc wizard
             ... wielding a +2 dagger of electrocution
              (14 damage)
             ... on level 4 of the Dungeon.
             The game lasted 00:11:20 (2753 turns).

koil the Chucker (Minotaur Wanderer)                Turns: 2753, Time: 00:11:21

Health: -7/50      AC: 12    Str: 21    XL:     6   Next: 22%
Magic:  8/8        EV:  8    Int:  8    God:    Okawaru [......]
Gold:   126        SH:  0    Dex: 14    Spells: 8/9 levels left

rFire   . . .      SeeInvis .    B - +2 mace (protect)
rCold   . . .      Faith    .    (no shield)
rNeg    . . .      Spirit   .    g - +0 chain mail
rPois   .          Reflect  .    c - +0 hat
rElec   .          Harm     .    (no cloak)
rCorr   .          Rampage  .    t - +0 pair of gloves
Will    .....                    C - +1 pair of boots
Stlth   ..........               j - amulet of magic regeneration
HPRegen 0.28/turn                r - +6 ring of strength
MPRegen 0.51/turn                (no ring)

@: no status effects
A: horns 2, retaliatory headbutt
a: Renounce Religion


You were on level 4 of the Dungeon.
You worshipped Okawaru.
Okawaru was noncommittal.
You visited 1 branch of the dungeon, and saw 4 of its levels.
You also visited: Sewer.

You collected 126 gold pieces.

Inventory:

Hand Weapons
 a - a +2 dagger
 B - a +2 mace of protection (weapon)
Missiles
 b - 2 curare-tipped darts (quivered) {!f}
 l - 6 atropa-tipped darts
Armour
 c - a +0 hat (worn)
 e - a +0 leather armour
 g - a +0 chain mail (worn)
 t - a +0 pair of gloves (worn)
 C - a +1 pair of boots (worn)
Magical Staves
 h - a staff of air
Jewellery
 j - an amulet of magic regeneration (around neck)
 r - a +6 ring of strength (left hand)
Scrolls
 f - 6 scrolls of identify {unknown}
 k - 4 scrolls of teleportation {unknown}
 n - 3 scrolls of fear {unknown}
 q - a scroll of blinking {unknown}
 s - a scroll of immolation {unknown}
 u - a scroll of noise {unknown}
 w - 2 scrolls of silence {unknown}
 y - 2 scrolls of enchant armour {unknown}
 z - 3 scrolls of magic mapping {unknown}
 A - 2 scrolls of poison {unknown}
Potions
 d - 2 potions of attraction
 i - 4 potions of heal wounds
 m - 3 potions of mutation {unknown}
 o - a potion of magic {unknown}
 p - 3 potions of curing {unknown}
 v - a potion of cancellation {unknown}
 x - a potion of flight
 D - a potion of ambrosia {unknown}


   Skills:
 + Level 2.7 Fighting
 + Level 2.4 Ranged Weapons
 - Level 3.0 Throwing
 + Level 2.5 Armour
 + Level 2.8 Dodging
 - Level 1.0 Shields
 + Level 2.2 Spellcasting
 - Level 1.3 Necromancy
 - Level 1.0 Invocations
 + Level 2.2 Evocations


You had 8 spell levels left.
You knew the following spells:

 Your Spells              Type           Power      Damage    Failure   Level
a - Kiss of Death         Conj/Necr      8%         2d6       95%         1

Your spell library contained the following spells:

 Spells                   Type           Power      Damage    Failure   Level
 Apportation              Tloc           0%         N/A       98%         1
 Vampiric Draining        Necr           3%         2d6       99%         3
 Dazzling Flash           Conj/Hex       0%         N/A       100%        3
 Portal Projectile        Hex/Tloc       0%         N/A       100%        3
 Leda's Liquefaction      Hex/Erth       0%         N/A       100%        4
 Agony                    Necr           3%         N/A       100%        5
 Alistair's Intoxication  Tmut/Pois      0%         N/A       100%        5
 Silence                  Hex/Air        0%         N/A       100%        5
 Call Canine Familiar     Summ           Unusable   N/A       N/A         3

Dungeon Overview and Level Annotations

Branches:
Dungeon (4/15)              Sewer (visited)
 Temple: D:4-7

Altars:
Elyvilon
Okawaru


Innate Abilities, Weirdness & Mutations

You have a pair of horns on your head.
You reflexively headbutt those who attack you in melee.


Message History

Something hits you but does no damage.
You hear some strange, mumbled words.
Something tries to affect you, but you resist.
Something hits you but does no damage. x2
You hit something. Something hits you.
You hear some strange, mumbled words.
Something tries to affect you, but you resist.
You barely miss something. Something hits you.
Something hits you but does no damage.
You hear some strange, mumbled words.
You are confused.
Something hits you but does no damage.
You bump into the rock wall.
Something hits you but does no damage. Something hits you.
You are electrocuted!
You're too confused to move!
Something hits you but does no damage. Something hits you.
You closely miss something. Your headbutt misses something.
You hear some strange, mumbled words.
You are more confused.
Something hits you.
You bump into the rock wall.
Something hits you but does no damage. x2
You miss something.
Something hits you but does no damage. x2
You are electrocuted!
You bump into the rock wall.
Something hits you but does no damage. x2
You are electrocuted!
* * * LOW HITPOINT WARNING * * *
Something hits you but does no damage.
Things that are here:
a +1 falchion of electrocution; 3 boomerangs You're too confused to move!
Something completely misses you.
There is an open door here.
You feel much better.
You feel less confused. Something hits you but does no damage.
Something hits you.
You are electrocuted!
* * * LOW HITPOINT WARNING * * *
Something is blocking the doorway!
Something hits you.
* * * LOW HITPOINT WARNING * * *
You are electrocuted!
You die...

#...###..##
..........#....#####
...[......#.....#
..........#.....#
..........#....#####
..........#...###..##
........=.#+.###....##
..........#..##......##
.......@..#............
.....##'###+###...##+##
... #..)##..##..#....#
. #..)).......#....#
#...#.......# ...#
#####.?###..# ..+
#....##+#....#
#.......... #........##


There were no monsters in sight!

Vanquished Creatures
  A phantom (D:3)
  9 adders
  A gnoll (D:3)
  4 river rats
  2 worms
  2 dart slugs
  4 orcs
  9 ball pythons
  5 endoplasms
  7 giant cockroaches
  5 goblins
  7 hobgoblins
  A jackal (Sewer)
  8 kobolds
  6 quokkas
  13 bats
  4 frilled lizards
  24 rats
112 creatures vanquished.

Notes
Turn   | Place    | Note
-------+----------+-------------------------------------------
     0 | D:1      | koil the Minotaur Wanderer began the quest for the Orb.
     0 | D:1      | koil set off with the following items: a +2 dagger, 2
                  | curare-tipped darts {!f}, a +0 hat, a potion of attraction,
                  | a +0 leather armour; and the following spell memorised:
                  | Kiss of Death; and the following spells available to
                  | memorise: Vampiric Draining.
     0 | D:1      | Reached XP level 1. HP: 14/14 MP: 1/1
   134 | D:1      | Reached XP level 2. HP: 14/22 MP: 3/3
   493 | D:1      | Reached skill level 1 in Fighting
   493 | D:1      | Reached skill level 1 in Shields
   819 | D:2      | Reached skill level 1 in Armour
   819 | D:2      | Reached XP level 3. HP: 25/28 MP: 4/4
   822 | D:2      | Reached skill level 1 in Ranged Weapons
   943 | D:2      | Reached XP level 4. HP: 35/35 MP: 5/5
  1284 | D:3      | Found a glowing drain.
  1300 | Sewer    | Entered a sewer
  1467 | Sewer    | Reached XP level 5. HP: 28/41 MP: 7/7
  2396 | D:3      | Noticed a phantom
  2408 | D:3      | Killed a phantom
  2409 | D:3      | Reached XP level 6. HP: 45/50 MP: 8/8
  2431 | D:3      | Found a white marble altar of Elyvilon.
  2633 | D:3      | Found an iron altar of Okawaru.
  2641 | D:3      | Became a worshipper of Warmaster Okawaru
  2747 | D:4      | HP: 5/50 [something (16)]
  2752 | D:4      | HP: 7/50 [something (15)]
  2753 | D:4      | Mangled by an orc wizard

Illustrated notes

Levels and vault maps discovered:
D:1:      spicycebolla_arrival_clurvy, layout_loops_cross
D:2:      layout_rooms, serial_park_tiny_2, minmay_rat_hole
D:3:      layout_rooms, mainiacjoe_overflow_brackets, okawaru_altar_gauntlet_db,
          cheibrodos_sewer_entry_sluice
D:4:      layout_gridville, serial_shops, nicolae_shop_statue_plus,
          minivault_19, kennysheep_potato

Skill      XL: |  1  2  3  4  5 |
---------------+----------------+-----
Fighting       | 1 2 |  2.7
Shields        | 1 |  1.0
Armour         | 1 2 |  2.5
Ranged Weapons | 1 2 |  2.4
Dodging        | 2 |  2.8
Spellcasting   | 2 |  2.2
Evocations     | 2 |  2.2
Throwing       | |  3.0
Necromancy     | |  1.3
Invocations    | |  1.0

Action                   |  1- 3 |  4- 6 || total
-------------------------+-------+-------++-------
Melee: Dagger            |    84 |   149 ||   233
       Headbutt          |    12 |    24 ||    36
       Punch             |       |     2 ||     2
       Mace              |       |    31 ||    31
Throw: Dart              |     1 |       ||     1
  Use: Potion            |       |     5 ||     5
Armor: Chain mail        |    49 |   118 ||   167
Dodge: Dodged            |    32 |    81 ||   113

Table legend: (Time is in decaauts)
 A = Elapsed time spent in this place.
 B = Non-inter-level travel time spent in this place.
 C = Inter-level travel time spent in this place.
 D = Time resting spent in this place.
 E = Time spent auto-exploring this place.
 F = Levels seen in this place.
 G = Mean time per level.
                   A        B        C        D        E       F      G
               +--------+--------+--------+--------+--------+-----+--------+
         Total |   2972 |   2903 |     69 |      0 |   2004 |   5 |  594.4 |
       Dungeon |   1815 |   1746 |     69 |      0 |   1272 |   4 |  453.8 |
         Sewer |   1157 |   1157 |      0 |      0 |    731 |   1 | 1157.0 |
               +--------+--------+--------+--------+--------+-----+--------+

Top non-repeatable levels by time:
   Sewer: 1157 daAuts
     D:1: 790 daAuts
     D:2: 492 daAuts
     D:3: 445 daAuts
     D:4: 86 daAuts
